 Dungeon Sprint DCSS version 0.30-a0-297-g0ec75d9ef4 (webtiles) character file.

Game seed: 6494356415088153428

10100000 Ashen the Intangible (level 27, -3/228 HPs)
             Began as a Djinni Reaver on Oct 19, 2022.
             Was the Champion of Makhleb.
             Killed by the air
             ... invoked by a tyrant
              (40 damage)
             ... in the Dungeon (Sprint VIII: "Arena of Blood").
             The game lasted 00:07:26 (101 turns).

Ashen the Intangible (Djinni Reaver)                 Turns: 101, Time: 00:07:26

Health: -3/228     AC:  6    Str: 11    XL:     27
Gold:   0          EV: 33    Int: 19    God:    Makhleb [******] SH:  0 Dex: 22

rFire   + + .      SeeInvis .    h - +∞ Axe of Woe
rCold   x . .      Faith    .    (shield currently unavailable)
rNeg    . . .      Spirit   .    b - +0 leather armour
rPois   ∞          Reflect  .    (no helmet)
rElec   .          Harm     .    (no cloak)
rCorr   .          Rampage  .    (no gloves)
Will    ++...      NoTele   +    (boots unavailable)
Stlth   ++++++++++               (no amulet)
HPRegen 0.58/turn                (no ring)
MPRegen 0.00/turn                (no ring)

@: flying
A: sickness immunity, fire resistance 2, cold vulnerability 1, float, innate
caster, HP casting, extra vitality 1
a: Renounce Religion, Minor Destruction, Lesser Servant of Makhleb, Major
Destruction, Greater Servant of Makhleb


You were in the Dungeon.
You worshipped Makhleb.
Makhleb was exalted by your worship.
You visited 1 branch

Inventory:

Hand Weapons
 a - a +0 hand axe
 h - the +∞ Axe of Woe (weapon)
   (You found it in the Dungeon)
Armour
 b - a +0 leather armour (worn)
Scrolls
 g - a scroll of blinking
Potions
 c - a potion of curing
 d - a potion of heal wounds
 e - a potion of haste
 f - a potion of berserk rage


   Skills:
 O Level 27 Fighting
 O Level 27 Short Blades
 O Level 27 Long Blades
 O Level 27 Axes
 O Level 27 Maces & Flails
 O Level 27 Polearms
 O Level 27 Staves
 O Level 27 Ranged Weapons
 O Level 27 Throwing
 O Level 27 Armour
 O Level 27 Dodging
 O Level 27 Stealth
 O Level 27 Shields
 O Level 27 Unarmed Combat
 O Level 27 Spellcasting
 O Level 27 Invocations
 O Level 27 Evocations


You had 3 spell levels left.
You knew the following spells:

 Your Spells              Type           Power      Damage    Failure   Level
a - Kiss of Death         Conj/Necr      100%       2d13      0%          1
b - Momentum Strike       Conj/Tloc      100%       3d10      0%          2
c - Hailstorm             Conj/Ice       91%        3d18      0%          3
d - Magic Dart            Conj           100%       1d8       0%          1
e - Scorch                Fire           100%       2d10      0%          2
f - Lesser Beckoning      Tloc           100%       N/A       0%          3
g - Stone Arrow           Conj/Erth      100%       3d13      0%          3
h - Olgreb's Toxic Radia  Pois           91%        N/A       0%          4
i - Arcjolt               Conj/Air       45%        1d55      0%          5
j - Simulacrum            Ice/Necr       45%        N/A       0%          6
k - Haunt                 Necr/Summ      45%        N/A       1%          7
l - Enfeeble              Hex            45%        N/A       1%          7
m - Maxwell's Capacitive  Air            45%        ∞         1%          8
n - Summon Hydra          Summ           45%        N/A       1%          7
o - Fire Storm            Conj/Fire      45%        8d12      2%          9
p - Chain Lightning       Conj/Air       45%        3d60      2%          9
Your spell library was empty.

Dungeon Overview and Level Annotations

Branches:
Dungeon (1/1)

Altars:
Makhleb


Innate Abilities, Weirdness & Mutations

You are immune to sickness and miasma.
You are immune to poison.
Your flesh is very heat resistant. (rF++)
You are vulnerable to cold. (rC-)
You float through the air rather than walking.
You learn spells naturally, not from books.
Your magical power is your life essence.
You have superior vitality. (+4 MHP)


Message History

* * * LOW HITPOINT WARNING * * *
You hear a shout! x4
An eight-headed meat hydra comes into view.
A dread comes into view. x2
You hear a shout!
The meat berserker rages.
A bag of meat comes into view. It is wielding a +9 war axe.
Unknown command.
Press < or > to pray at altars.
You hit the sculptor of flesh but do no damage.
You pulverise the sculptor of flesh into a thin bloody mist.
You destroy the sculptor of flesh!
Makhleb accepts your kill.
You feel better.
You hear a shout!
The destroyer points at you and mumbles some strange words.
The destroyer blinks!
The tyrant casts a spell.
The tyrant seems to speed up.
A tyrant comes into view.
The meat berserker rages.
You hear a shout! x2
The dread is engulfed in blazing flames.
The dread throws damnation at you.
The sphere of damnation explodes!
The damnation engulfs you!!
* * * LOW HITPOINT WARNING * * *
The accursed points at you and mumbles some strange words.
Something smites you!
* * * LOW HITPOINT WARNING * * *
You hear a shout!
Unknown command.
Press < or > to pray at altars.
You swing at nothing.
The tyrant appears out of thin air!
A tyrant comes into view.
You hear a shout! x3
The destroyer points at you and mumbles some strange words.
The destroyer blinks!
The tyrant waves its bony arms in wide circles.
The air twists around and strikes you!!!
You die... .......
O... .........LW ...o ........MO. ..... ...oO.MoO

..... #.....zo#
..#..o #.....○.#
......###......)###..
......L.)WW###Lo.Xo..
..#....V§z)@)O.D..L.
#....D.z#))°).#..M..
.........#_)<._# ...
.#.......#))).o#... o
...#....))))_......
........§))###......
......###.... ..###.
..... #.......# .....
#...§O..#


You could see an accursed, 3 tyrants, 2 eight-headed meat hydras, a destroyer, 2
sculptors of flesh, a large abomination (summoned), 2 dreads, a meat berserker
(berserk) and 3 bags of meat.

Vanquished Creatures
  Sigmund (D)
  7 hell beasts (D)
  2 royal mummies (D)
  A great orb of eyes (D)
  10 vampire knights (D)
  36 ogres (D)
  7 two-headed ogres (D)
  A lich (D)
  A hydra (D)
  A phantom (D)
  57 orcs (D)
  4 skeletal warriors (D)
128 creatures vanquished.

Vanquished Creatures (others)
  2 fire vortices (D)
2 creatures vanquished.

Grand Total: 130 creatures vanquished

Notes
Turn   | Place    | Note
-------+----------+-------------------------------------------
     0 | D        | Found the +∞ Axe of Woe
     0 | D        | Ashen the Djinni Reaver began the quest for the Orb.
     0 | D        | Ashen set off with the following spells memorised: Kiss of
                  | Death, Momentum Strike, Hailstorm.
     0 | D        | Reached XP level 1. HP: 18/18 MP: 0/0
     2 | D        | Noticed a bag of meat
     3 | D        | Noticed a bag of meat
     3 | D        | Noticed a bag of meat
     4 | D        | Noticed a bag of meat
     5 | D        | Noticed a bag of meat
     5 | D        | Noticed a bag of meat
     5 | D        | Noticed a meat berserker
     6 | D        | Noticed a bag of meat
     6 | D        | Noticed a meat berserker
     6 | D        | Noticed a bag of meat
     8 | D        | Killed a meat berserker
     8 | D        | Killed a bag of meat
     8 | D        | Noticed a meat berserker
     9 | D        | Reached XP level 2. HP: 45/45 MP: 0/0
     9 | D        | Reached XP level 3. HP: 50/50 MP: 0/0
     9 | D        | Learned a level 1 spell: Magic Dart
     9 | D        | Reached XP level 4. HP: 57/57 MP: 0/0
     9 | D        | Reached XP level 5. HP: 62/62 MP: 0/0
     9 | D        | Learned a level 2 spell: Scorch
     9 | D        | Reached XP level 6. HP: 69/69 MP: 0/0
     9 | D        | Reached XP level 7. HP: 75/75 MP: 0/0
     9 | D        | Learned a level 3 spell: Lesser Beckoning
     9 | D        | Reached XP level 8. HP: 81/81 MP: 0/0
     9 | D        | Reached XP level 9. HP: 86/86 MP: 0/0
     9 | D        | Learned a level 3 spell: Stone Arrow
     9 | D        | Reached XP level 10. HP: 93/93 MP: 0/0
     9 | D        | Reached XP level 11. HP: 99/99 MP: 0/0
     9 | D        | Learned a level 4 spell: Olgreb's Toxic Radiance
     9 | D        | Reached XP level 12. HP: 105/105 MP: 0/0
     9 | D        | Reached XP level 13. HP: 111/111 MP: 0/0
     9 | D        | Learned a level 5 spell: Arcjolt
     9 | D        | Noticed a bag of meat
    10 | D        | Killed a bag of meat
    10 | D        | Killed a bag of meat
    10 | D        | Noticed a meat berserker
    10 | D        | Noticed a bag of meat
    11 | D        | Reached skill level 15 in Axes
    11 | D        | Reached XP level 14. HP: 118/121 MP: 0/0
    11 | D        | Killed a meat berserker
    11 | D        | Killed a bag of meat
    12 | D        | Reached XP level 15. HP: 49/132 MP: 0/0
    12 | D        | Learned a level 6 spell: Simulacrum
    12 | D        | Noticed a meat berserker
    12 | D        | Killed a meat berserker
    13 | D        | Reached XP level 16. HP: 54/144 MP: 0/0
    13 | D        | Killed a meat berserker
    13 | D        | Noticed a meat berserker
    14 | D        | Killed a meat berserker
    15 | D        | Reached skill level 27 in Dodging
    15 | D        | Reached XP level 17. HP: 59/156 MP: 0/0
    15 | D        | Learned a level 7 spell: Haunt
    15 | D        | Noticed a meat berserker
    16 | D        | Noticed a meat berserker
    17 | D        | Became a worshipper of Makhleb the Destroyer
    17 | D        | Noticed a meat berserker
    19 | D        | Reached * piety under Makhleb
    21 | D        | Reached skill level 27 in Fighting
    21 | D        | Killed a meat berserker
    21 | D        | Reached ** piety under Makhleb
    22 | D        | Reached XP level 18. HP: 90/167 MP: 0/0
    22 | D        | Killed a meat berserker
    22 | D        | Killed a meat berserker
    22 | D        | Reached *** piety under Makhleb
    22 | D        | Killed a meat berserker
    23 | D        | Reached skill level 27 in Axes
    23 | D        | Reached skill level 27 in Spellcasting
    23 | D        | Reached XP level 19. HP: 125/174 MP: 0/0
    23 | D        | Learned a level 7 spell: Enfeeble
    23 | D        | Noticed a large bag of meat
    24 | D        | Killed a large bag of meat
    24 | D        | Reached **** piety under Makhleb
    24 | D        | Noticed a meat berserker
    26 | D        | Reached XP level 20. HP: 153/181 MP: 0/0
    26 | D        | Noticed a meat berserker
    26 | D        | Noticed a large bag of meat
    28 | D        | Killed a meat berserker
    28 | D        | Reached ***** piety under Makhleb
    29 | D        | Reached skill level 27 in Armour
    29 | D        | Noticed a large bag of meat
    31 | D        | Reached skill level 5 in Maces & Flails
    31 | D        | Reached skill level 5 in Polearms
    31 | D        | Reached skill level 5 in Staves
    31 | D        | Reached skill level 5 in Ranged Weapons
    31 | D        | Reached skill level 5 in Throwing
    31 | D        | Reached skill level 5 in Stealth
    31 | D        | Killed a meat berserker
    32 | D        | Reached XP level 21. HP: 187/187 MP: 0/0
    32 | D        | Learned a level 8 spell: Maxwell's Capacitive Coupling
    33 | D        | Killed a large bag of meat
    33 | D        | Reached ****** piety under Makhleb
    34 | D        | Reached skill level 10 in Short Blades
    34 | D        | Reached skill level 10 in Long Blades
    34 | D        | Reached skill level 10 in Shields
    34 | D        | Reached skill level 10 in Unarmed Combat
    34 | D        | Reached skill level 10 in Invocations
    34 | D        | Reached skill level 10 in Evocations
    34 | D        | Noticed a meat berserker
    35 | D        | Reached skill level 10 in Maces & Flails
    35 | D        | Reached skill level 10 in Polearms
    35 | D        | Reached skill level 10 in Staves
    35 | D        | Reached skill level 10 in Ranged Weapons
    35 | D        | Reached skill level 10 in Throwing
    35 | D        | Reached skill level 10 in Stealth
    35 | D        | Noticed a meat berserker
    36 | D        | Noticed a meat berserker
    36 | D        | Noticed a large bag of meat
    36 | D        | Noticed a meat berserker
    37 | D        | Killed a large bag of meat
    38 | D        | Reached XP level 22. HP: 185/194 MP: 0/0
    38 | D        | Killed a meat berserker
    38 | D        | Noticed a destroyer
    39 | D        | Noticed a destroyer
    41 | D        | Reached skill level 27 in Stealth
    41 | D        | Killed a meat berserker
    41 | D        | Killed a destroyer
    42 | D        | Reached XP level 23. HP: 201/201 MP: 0/0
    42 | D        | Learned a level 7 spell: Summon Hydra
    43 | D        | Noticed a destroyer
    43 | D        | Killed a large bag of meat
    44 | D        | Reached skill level 15 in Short Blades
    44 | D        | Reached skill level 15 in Shields
    44 | D        | Reached skill level 15 in Unarmed Combat
    44 | D        | Reached skill level 15 in Invocations
    44 | D        | Reached skill level 15 in Evocations
    45 | D        | Reached skill level 15 in Long Blades
    45 | D        | Reached skill level 15 in Staves
    46 | D        | Reached XP level 24. HP: 205/208 MP: 0/0
    47 | D        | Noticed a large bag of meat
    47 | D        | Killed a destroyer
    48 | D        | Reached skill level 15 in Maces & Flails
    48 | D        | Reached skill level 15 in Polearms
    49 | D        | Reached skill level 15 in Ranged Weapons
    49 | D        | Reached skill level 15 in Throwing
    50 | D        | Killed a destroyer
    53 | D        | Noticed a large bag of meat
    53 | D        | Noticed an accursed
    53 | D        | Noticed a large bag of meat
    55 | D        | Noticed an accursed
    56 | D        | Reached XP level 25. HP: 214/214 MP: 0/0
    56 | D        | Learned a level 9 spell: Fire Storm
    57 | D        | Killed a large bag of meat
    57 | D        | Noticed an accursed
    59 | D        | Noticed The Captor
    61 | D        | Noticed a destroyer
    61 | D        | Noticed a tyrant
    62 | D        | Reached XP level 26. HP: 190/221 MP: 0/0
    64 | D        | Noticed a meat beast
    64 | D        | Noticed an accursed
    65 | D        | Noticed a dread
    66 | D        | Killed a destroyer
    66 | D        | Noticed a destroyer
    67 | D        | Killed The Captor
    67 | D        | Noticed a destroyer
    68 | D        | Reached XP level 27. HP: 209/228 MP: 0/0
    68 | D        | Learned a level 9 spell: Chain Lightning
    68 | D        | Noticed a meat beast
    69 | D        | Killed a large bag of meat
    70 | D        | Reached skill level 27 in Shields
    70 | D        | Reached skill level 27 in Unarmed Combat
    70 | D        | Reached skill level 27 in Invocations
    70 | D        | Reached skill level 27 in Evocations
    70 | D        | Killed a meat beast
    71 | D        | Reached skill level 27 in Short Blades
    71 | D        | Reached skill level 27 in Long Blades
    71 | D        | Reached skill level 27 in Staves
    71 | D        | Noticed a destroyer
    72 | D        | Killed a destroyer
    72 | D        | Noticed a meat beast
    73 | D        | Killed a destroyer
    74 | D        | Reached skill level 27 in Maces & Flails
    74 | D        | Reached skill level 27 in Polearms
    74 | D        | Reached skill level 27 in Ranged Weapons
    74 | D        | Reached skill level 27 in Throwing
    74 | D        | Noticed a meat beast
    74 | D        | Noticed a tyrant
    75 | D        | Killed a meat beast
    75 | D        | Noticed an accursed
    75 | D        | Noticed a destroyer
    76 | D        | Killed an accursed
    76 | D        | Noticed a large bag of meat
    77 | D        | HP: 11/228 [accursed/divine providence (15)]
    79 | D        | Killed a destroyer
    79 | D        | Noticed a meat beast
    80 | D        | Killed a destroyer
    81 | D        | Killed a meat beast
    82 | D        | Killed a meat beast
    83 | D        | Killed a large bag of meat
    83 | D        | Noticed a meat beast
    84 | D        | Killed a tyrant
    84 | D        | Noticed a destroyer
    86 | D        | Noticed a meat beast
    87 | D        | Killed a meat beast
    87 | D        | Killed a meat beast
    91 | D        | Noticed a destroyer
    92 | D        | Killed a destroyer
    92 | D        | Noticed a destroyer
    94 | D        | Killed a meat beast
    95 | D        | Killed a destroyer
    98 | D        | Noticed an accursed
    99 | D        | Killed an accursed
    99 | D        | Noticed a dread
    99 | D        | Noticed a dread
   100 | D        | Noticed a tyrant
   101 | D        | Killed from afar by a tyrant

Illustrated notes

Levels and vault maps discovered:
D:        meatsprint

Skill      XL: |  1  2  3  4  5  6  7  8  9 10 11 12 13 14 15 16 17 18 19 20 21 22 23 24 25 26 27 |
---------------+----------------------------------------------------------------------------------+-----
Fighting       | 16 18 20 22 25 27 | 27.0
Axes           | 14 15 17 19 21 25 27 | 27.0
Dodging        | 18 20 22 24 27 | 27.0
Spellcasting   | 13 14 16 18 20 23 27 | 27.0
Armour         | 14 25 27 | 27.0
Short Blades   | 8 11 13 16 19 21 25 27 | 27.0
Long Blades    | 8 11 13 15 18 20 24 27 | 27.0
Maces & Flails | 7 10 12 14 17 19 23 27 | 27.0
Polearms       | 7 10 12 14 17 19 23 27 | 27.0
Staves         | 7 10 13 15 18 20 24 27 | 27.0
Ranged Weapons | 6 10 12 14 17 18 22 27 | 27.0
Throwing       | 6 10 12 14 17 18 22 27 | 27.0
Stealth        | 7 19 27 | 27.0
Shields        | 8 11 14 16 20 21 26 27 | 27.0
Unarmed Combat | 8 11 14 16 20 21 26 27 | 27.0
Invocations    | 8 11 14 16 20 21 26 27 | 27.0
Evocations     | 8 11 14 16 20 21 26 27 | 27.0

Action                   |  1- 3 |  4- 6 |  7- 9 | 10-12 | 13-15 | 16-18 | 19-21 | 22-24 | 25-27 || total
-------------------------+-------+-------+-------+-------+-------+-------+-------+-------+-------++-------
Melee: Executioner's axe |     1 |       |       |       |     3 |     7 |     8 |    12 |    37 ||    68
 Cast: Hailstorm         |       |       |       |       |     1 |       |       |       |       ||     1
       Haunt             |       |       |       |       |       |       |     1 |     1 |       ||     2
       Enfeeble          |       |       |       |       |       |       |     1 |       |       ||     1
       Maxwell's Capacit |       |       |       |       |       |       |     1 |       |       ||     1
       Fire Storm        |       |       |       |       |       |       |       |       |     2 ||     2
       Chain Lightning   |       |       |       |       |       |       |       |       |     5 ||     5
Armor: Leather armour    |       |       |       |       |       |       |       |       |     1 ||     1
Dodge: Dodged            |       |       |       |       |       |       |       |     1 |     3 ||     4

Table legend: (Time is in decaauts)
 A = Elapsed time spent in this place.
 B = Non-inter-level travel time spent in this place.
 C = Inter-level travel time spent in this place.
 D = Time resting spent in this place.
 E = Time spent auto-exploring this place.
 F = Levels seen in this place.
 G = Mean time per level.
                   A        B        C        D        E       F      G
               +--------+--------+--------+--------+--------+-----+--------+
         Total |     83 |     83 |      0 |      0 |      0 |   1 |   83.0 |
       Dungeon |     83 |     83 |      0 |      0 |      0 |   1 |   83.0 |
               +--------+--------+--------+--------+--------+-----+--------+

Top non-repeatable levels by time:
       D: 83 daAuts
